 Dungeon Crawl Stone Soup version 0.28-a0-21-gf74fda84f9 (webtiles) character file.

Game seed: 16579063907556606512

23 tilp the Magician (level 2, 0/10 (12) HPs)
             Began as a Felid Hedge Wizard on July 26, 2021.
             Slain by a kobold (1 damage)
             ... on level 2 of the Dungeon.
             The game lasted 00:01:50 (1822 turns).

tilp the Magician (Felid Hedge Wizard)              Turns: 1822, Time: 00:01:51

HP:   0/10 (12)     AC:  1    Str:  6    XL:     2   Next: 75%
MP:   7/7           EV: 17    Int: 15    God:
Gold: 41            SH:  0    Dex: 15    Spells: 2/7 levels left
                                        Lives: 0   Deaths: 0

rFire   . . .      SeeInvis +     - Unarmed
rCold   . . .      Faith    .   (shield unavailable)
rNeg    . . .      Spirit   .   (armour unavailable)
rPois   .          Reflect  .   (helmet unavailable)
rElec   .          Harm     .   (cloak unavailable)
rCorr   .          Rampage  .   (gloves unavailable)
Will    .....                   (boots unavailable)
Stlth   ++........              (no amulet)
HPRegen 0.03/turn               (no ring)
MPRegen 0.10/turn               (no ring)

@: heavily drained, quick
A: very small, claws 1, fangs 3, see invisible, speed 1, shaggy fur 1, stealthy
paws, no weapons or thrown items, no armour, multi-lived
a: no special abilities


You were on level 2 of the Dungeon.
You visited 1 branch of the dungeon, and saw 2 of its levels.

You collected 41 gold pieces.

Inventory:

Scrolls
 c - 2 scrolls of fear
Potions
 b - a potion of lignification {unknown}


   Skills:
 + Level 1.2 Fighting
 - Level 2.6 Dodging
 - Level 2.6 Stealth
 * Level 2.0 Unarmed Combat
 - Level 3.0 Spellcasting
 - Level 0.8 Conjurations
 - Level 1.0 Summonings
 - Level 1.5 Translocations


You had 2 spell levels left.
You knew the following spells:

 Your Spells              Type           Power      Damage    Failure   Level
a - Magic Dart            Conj           16%        1d3       14%         1
b - Call Imp              Summ           5%         N/A       21%         2
c - Blink                 Tloc           N/A        N/A       16%         2

Your spell library contained the following spells:

 Spells                   Type           Power      Damage    Failure   Level
 Slow                     Hex            2%         N/A       30%         2
 Conjure Flame            Conj/Fire      3%         6-21      45%         3
 Mephitic Cloud           Conj/Pois/Air  3%         N/A       47%         3


Dungeon Overview and Level Annotations

Branches:
Dungeon (2/15)

Altars:


Innate Abilities, Weirdness & Mutations

You have sharp claws.
You have razor-sharp teeth.
You have supernaturally acute eyesight. (SInv)
You cover ground quickly. (Speed+)
You are covered in fur. (AC +1)
Your paws help you pounce on unaware monsters.
You are incapable of wielding weapons or throwing items.
You cannot wear armour.
You gain extra lives every three experience levels.


Message History

A bat comes into view.
A bat is nearby!
You pounce on the unaware helpless bat!
You claw the bat!
You kill the bat!
No target in view!
Done exploring.
Done exploring.
Done exploring.
Done exploring.
As you read the scroll labelled FEDWALLIFF, it crumbles to dust.
You assume a fearsome visage.
Nothing appears to happen.
It was a scroll of fear.
As you read the scroll labelled MUQU LAIDEZEO, it crumbles to dust.
It is a scroll of identify.
a - a potion of degeneration
As you read the scroll labelled JEPEIFIORA, it crumbles to dust.
Your body is wracked with pain!
It was a scroll of torment.
Drop what? 3/52 slots (_ for help) (? for menu, Esc to quit)
You drop a potion of degeneration.
You start resting.
HP restored.
(D) Dungeon
Where to? (? - help)
There is an open door here.
There is a stone staircase leading down here.
You climb downwards.
A ball python and a kobold come into view.
The kobold is wielding a +1 whip of draining.
Found a scroll labelled EMIFEH CEOG.
There is a stone staircase leading up here.
The kobold hits you with a +1 whip of draining!
Ouch! That really hurt!
You feel drained.
* * * LOW HITPOINT WARNING * * *
You barely miss the kobold.
The ball python hisses angrily.
The kobold hits you with a +1 whip of draining.
* * * LOW HITPOINT WARNING * * *
You feel drained.
You die...

####.##
##...... #
##...#.#
#.##......####
#.#...........
#.S........#
#..........#
#..<.@K..?#
##.......##
##.........#
##...####.#
##.## # ...
.... #.###


You could see a ball python and a kobold.

Vanquished Creatures
  2 dart slugs (D:1)
  4 endoplasms (D:1)
  A giant cockroach (D:1)
  A jackal (D:1)
  2 kobolds (D:1)
  A quokka (D:1)
  2 bats (D:1)
  A frilled lizard (D:1)
  4 rats (D:1)
18 creatures vanquished.

Vanquished Creatures (collateral kills)
  A quokka (D:1)
1 creature vanquished.

Grand Total: 19 creatures vanquished

Notes
Turn   | Place    | Note
-------+----------+-------------------------------------------
     0 | D:1      | tilp the Felid Hedge Wizard began the quest for the Orb.
     0 | D:1      | Reached XP level 1. HP: 7/7 MP: 5/5
   548 | D:1      | Reached skill level 1 in Unarmed Combat
   640 | D:1      | Reached XP level 2. HP: 12/12 MP: 1/7
   751 | D:1      | Reached skill level 1 in Fighting
   888 | D:1      | Learned a level 2 spell: Call Imp
   891 | D:1      | Learned a level 2 spell: Blink
  1822 | D:2      | Slain by a kobold

Illustrated notes

Levels and vault maps discovered:
D:1:      zaba_arrival_water, layout_basic, minmay_octomino_c4
D:2:      layout_loops_ring

Skill      XL: |  1  2 |
---------------+-------+-----
Unarmed Combat | 1 2 |  2.0
Fighting       | 1 |  1.2
Dodging        | |  2.6
Stealth        | |  2.6
Spellcasting   | |  3.0
Conjurations   | |  0.8
Summonings     | |  1.0
Translocations | |  1.5

Action                   || total
-------------------------++-------
Melee: Unarmed           ||    31
       Bite              ||     3
 Cast: Magic Dart        ||    35
       Call Imp          ||     4
  Use: Scroll            ||     3
 Stab: Sleeping          ||     3
Armor: Skin              ||     3
Dodge: Dodged            ||    19

Table legend: (Time is in decaauts)
 A = Elapsed time spent in this place.
 B = Non-inter-level travel time spent in this place.
 C = Inter-level travel time spent in this place.
 D = Time resting spent in this place.
 E = Time spent auto-exploring this place.
 F = Levels seen in this place.
 G = Mean time per level.
                   A        B        C        D        E       F      G
               +--------+--------+--------+--------+--------+-----+--------+
         Total |   1694 |   1662 |     32 |    762 |    665 |   2 |  847.0 |
       Dungeon |   1694 |   1662 |     32 |    762 |    665 |   2 |  847.0 |
               +--------+--------+--------+--------+--------+-----+--------+

Top non-repeatable levels by time:
     D:1: 1692 daAuts
     D:2: 2 daAuts
